 Dungeon Crawl Stone Soup version 0.31.0-9-g3a7656b989 (webtiles) character file.

Game seed: 2036157517018335354

1510 Bnni the Cutter (level 8, 0/44 HPs)
             Began as a Vine Stalker Fighter on Jan 28, 2024.
             Was a Believer of Uskayaw.
             Slain by an orc warrior
             ... wielding a +0 glaive
              (6 damage)
             ... on level 6 of the Dungeon.
             The game lasted 00:07:10 (3935 turns).

Bnni the Cutter (Vine Stalker Fighter)              Turns: 3935, Time: 00:07:11

Health: 0/44       AC: 14    Str: 19    XL:     8   Next: 83%
Magic:  0/12       EV: 12    Int:  8    God:    Uskayaw [**....]
Gold:   347        SH:  5    Dex: 16    Spells: 7/7 levels left

rFire   . . .        u - +4 whip (venom)
rCold   + . .        c - +0 buckler
rNeg    . . .        k - +0 chain mail
rPois   .            G - +0 helmet
rElec   .            E - +2 cloak
rCorr   .            z - +0 pair of gloves
SInv    .            (no boots)
Will    +....        (no amulet) Stlth
                     F - ring of protection from cold
HPRegen 1.07/turn    m - +5 ring of evasion
MPRegen 0.13/turn

%: guardian spirit
@: no status effects
A: fangs 3, regeneration 1, magic shield, antimagic bite, no potion heal 2
a: Renounce Religion, Stomp, Line Pass


You were on level 6 of the Dungeon.
You worshipped Uskayaw.
Uskayaw was noncommittal.
You visited 2 branches of the dungeon, and saw 7 of its levels.

You collected 347 gold pieces.

Inventory:

Hand Weapons
 u - a +4 whip of venom (weapon)
 w - a +4 dagger
Missiles
 g - a throwing net (quivered)
Armour
 c - a +0 buckler (worn)
 k - a +0 chain mail (worn)
 z - a +0 pair of gloves (worn)
 E - a +2 cloak (worn)
 G - a +0 helmet (worn)
Jewellery
 j - a ring of fire
 m - a +5 ring of evasion (right hand)
 o - a ring of fire
 F - a ring of protection from cold (left hand)
Wands
 y - a wand of flame (3)
 B - a wand of roots (8)
Scrolls
 a - 2 scrolls of teleportation {unknown}
 b - a scroll of vulnerability {unknown}
 e - 4 scrolls of torment {unknown}
 h - 5 scrolls of identify {unknown}
 l - 2 scrolls of immolation {unknown}
 n - 2 scrolls of revelation {unknown}
 t - 2 scrolls of fog {unknown}
 x - a scroll of enchant armour {unknown}
 A - a scroll of fear {unknown}
 C - a scroll of amnesia {unknown}
Potions
 d - a potion of might
 f - a potion of lignification {unknown}
 i - 2 potions of curing {unknown}
 p - a potion of invisibility {unknown}
 q - a potion of ambrosia {unknown}
 r - 2 potions of heal wounds
 s - a potion of resistance {unknown}
 D - a potion of berserk rage {unknown}


   Skills:
 + Level 5.4 Fighting
 * Level 7.1 Short Blades
 - Level 2.4 Armour
 + Level 0.6 Stealth
 - Level 4.0 Shields
 + Level 4.1 Invocations


You had 7 spell levels left.
You didn't know any spells.
Your spell library contained the following spells:

 Spells                   Type           Power      Damage    Failure   Level
 Gell's Gravitas          Tloc           0%         N/A       100%        3
 Summon Ice Beast         Ice/Summ       0%         N/A       100%        3
 Teleport Other           Tloc           0%         N/A       100%        3
 Summon Mana Viper        Hex/Summ       0%         N/A       100%        5
 Dispersal                Tloc           0%         N/A       100%        6
 Monstrous Menagerie      Summ           0%         N/A       100%        7


Dungeon Overview and Level Annotations

Branches:
Dungeon (6/15)             Temple (1/1) D:4

Altars:
Ashenzari
Cheibriados
Dithmenos
Elyvilon
Fedhas
Gozag
Hepliaklqana
Kikubaaqudgha
Makhleb
Nemelex Xobeh
Qazlal
Ru
Trog
Uskayaw
Vehumet
Wu Jian
Yredelemnul
Zin
The Shining One

Annotations:
D:6 3 runed translucent doors, ratatoskos's ghost, novice OpSh


Innate Abilities, Weirdness & Mutations

You have razor-sharp teeth.
Your natural rate of healing is unusually fast.
When hurt, damage is shared between your health and your magic reserves.
Your bite disrupts and absorbs the magic of your enemies.
Potions cannot restore your health.


Message History

You hit the orc. You bite the orc.
You kill the orc!
You feel sick.
You can now pass through a line of other dancers.
You hit the orc warrior but do no damage.
The orc warrior is poisoned.
Your bite misses the orc warrior.
You feel sick.
The orc warrior unwields a +0 orcbow.
The orc warrior wields a +0 glaive.
The orc warrior hits you with a +0 glaive.
* * * LOW HITPOINT WARNING * * *
You closely miss the orc warrior. Your bite misses the orc warrior.
You feel sick.
You whack the orc warrior!
The orc warrior looks as sick as possible!
The orc warrior is moderately wounded.
You feel sick.
You are no longer poisoned.
The orc warrior hits you with a +0 glaive.
* * * LOW HITPOINT WARNING * * *
The orc warrior closely misses you.
You hit the orc warrior but do no damage.
The orc warrior is moderately wounded.
You block the orc warrior's attack.
Unknown command.
You hit the orc warrior.
The orc warrior looks as sick as possible!
Your bite misses the orc warrior.
The orc warrior is heavily wounded.
The orc warrior closely misses you.
Unknown command.
You don't have enough magic at the moment.
You hit the orc warrior but do no damage.
The orc warrior looks as sick as possible!
Your bite misses the orc warrior.
The orc warrior is heavily wounded.
The orc warrior hits you with a +0 glaive.
* * * LOW HITPOINT WARNING * * *
You closely miss the orc warrior.
The orc warrior is heavily wounded.
The orc warrior hits you with a +0 glaive!
You die...

###################
..................#
#..........#####.##
..########.# #.#
..# #.# #.# ..# #.#
#.# ..# #.# #.# ..#
#.# #.# .)# #.# #@#
#)# #.# #o# #)#
#.#....o# #'####
#.#...# .....#
###.# .....# #.#
.....# #.#
.....#####. #.#
#+#........ #.#


You could see an orc warrior (extremely poisoned) and an orc.

Vanquished Creatures
  Prince Ribbit (D:5)
  Duvessa (D:6)
  A sky beast (D:5)
  Blork the orc (D:5)
  2 scorpions
  Dowan (D:6)
  4 wights (D:6)
  2 howler monkeys
  2 orc priests
  4 hounds
  2 sleepcaps
  Crazy Yiuf (D:5)
  An orc wizard (D:5)
  An iguana (D:5)
  Natasha (thrice) (D:2)
  Robin (D:3)
  5 adders
  2 white imps
  2 ufetubi (D:5)
  A dart slug (D:1)
  21 orcs
  9 bats
  5 endoplasms
  4 giant cockroaches
  16 goblins
  9 hobgoblins
  4 quokkas
  6 ball pythons
  7 frilled lizards
  7 kobolds
  7 rats
133 creatures vanquished.

Notes
Turn   | Place    | Note
-------+----------+-------------------------------------------
     0 | D:1      | Bnni the Vine Stalker Fighter began the quest for the Orb.
     0 | D:1      | Reached XP level 1. HP: 11/11 MP: 2/2
   106 | D:1      | Reached skill level 2 in Short Blades
   125 | D:1      | Reached XP level 2. HP: 16/16 MP: 3/3
   804 | D:2      | Reached XP level 3. HP: 19/19 MP: 4/4
   835 | D:2      | Found a faded altar of an unknown god.
   867 | D:2      | Noticed Natasha
   875 | D:2      | Killed Natasha
  1057 | D:2      | Noticed Natasha
  1067 | D:2      | Killed Natasha
  1068 | D:2      | Reached XP level 4. HP: 15/24 MP: 3/5
  1124 | D:2      | Noticed Natasha
  1131 | D:2      | Killed Natasha
  1132 | D:2      | Reached skill level 3 in Short Blades
  1224 | D:2      | Reached XP level 5. HP: 27/28 MP: 6/6
  1691 | D:3      | Noticed Robin
  1713 | D:3      | Killed Robin
  1952 | D:3      | Found a sparkling altar of Nemelex Xobeh.
  2009 | D:3      | Found a broken altar of Ashenzari.
  2223 | D:4      | Reached skill level 4 in Short Blades
  2223 | D:4      | Reached XP level 6. HP: 33/33 MP: 7/7
  2261 | D:4      | Found a staircase to the Ecumenical Temple.
  2287 | Temple   | Entered the Ecumenical Temple
  2295 | Temple   | Became a worshipper of Uskayaw the Reveller
  2439 | D:4      | Reached * piety under Uskayaw
  2446 | D:4      | Reached ** piety under Uskayaw
  2450 | D:4      | Reached *** piety under Uskayaw
  2654 | D:5      | Entered Level 5 of the Dungeon
  2662 | D:5      | Found a runed translucent door.
  2663 | D:5      | Noticed Crazy Yiuf
  2677 | D:5      | Noticed Blork the orc
  2687 | D:5      | Killed Blork the orc
  2688 | D:5      | Reached skill level 1 in Invocations
  2728 | D:5      | Killed Crazy Yiuf
  2777 | D:5      | Noticed a sky beast
  2783 | D:5      | Reached XP level 7. HP: 27/37 MP: 4/9
  2792 | D:5      | Reached skill level 5 in Short Blades
  2845 | D:5      | Noticed Prince Ribbit
  2860 | D:5      | Reached **** piety under Uskayaw
  2863 | D:5      | Killed Prince Ribbit
  2867 | D:5      | Reached ***** piety under Uskayaw
  2869 | D:5      | Gained mutation: You have razor-sharp teeth. [Vine Stalker
                  | growth]
  2869 | D:5      | Reached XP level 8. HP: 39/42 MP: 11/11
  3021 | D:5      | Reached skill level 6 in Short Blades
  3670 | D:6      | Noticed Dowan
  3671 | D:6      | Noticed Duvessa
  3684 | D:6      | Killed Duvessa
  3685 | D:6      | Reached skill level 5 in Fighting
  3689 | D:6      | Killed Dowan
  3819 | D:6      | Found a runed translucent gate.
  3819 | D:6      | Found a runed translucent gate.
  3819 | D:6      | Found an opulent altar of Gozag.
  3819 | D:6      | Found a runed translucent gate.
  3819 | D:6      | Noticed a boulder beetle
  3820 | D:6      | Noticed ratatoskos's ghost (novice OpSh)
  3871 | D:6      | Reached skill level 7 in Short Blades
  3935 | D:6      | Slain by an orc warrior

Illustrated notes

Levels and vault maps discovered:
D:1:      amcnicky_arrival_abandoned_market, layout_loops_ring
D:2:      minmay_razor_zed, layout_basic,
          shapermc_ecumenical_altar_mp_highgroup, uniq_natasha
D:3:      layout_basic, old_standard_altar, nemelex_dance_club_becter,
          uniq_robin
D:4:      layout_rooms, minmay_temple_entry_junction
D:5:      layout_basic, uniq_blork_the_orc, uniq_prince_ribbit1,
          uniq_crazy_yiuf_cottage
D:6:      layout_basic, ebering_ghost_gozag, grunt_tough_drop, uniq_duvessa
Temple:   sentei_temple_godly_chess

Skill      XL: |  1  2  3  4  5  6  7  8 |
---------------+-------------------------+-----
Short Blades   | 2 3 4 5 7 |  7.1
Shields        | 3 4 |  4.0
Fighting       | 3 4 5 |  5.4
Invocations    | 1 2 4 |  4.1
Armour         | |  2.4
Stealth        | |  0.6

Action                     |  1- 3 |  4- 6 |  7- 9 || total
---------------------------+-------+-------+-------++-------
  Melee: Rapier            |    80 |    98 |       ||   178
         Bite              |    10 |    45 |    41 ||    96
         Whip              |       |    91 |   109 ||   200
         Dagger            |       |       |    30 ||    30
    Use: Potion            |       |       |     1 ||     1
   Stab: Paralysed         |       |     1 |     9 ||    10
 Armour: Scale mail        |    12 |       |       ||    12
         Chain mail        |    48 |   133 |    96 ||   277
  Dodge: Dodged            |    29 |    61 |    77 ||   167
  Block: Buckler           |    11 |    60 |    37 ||   108
